AoeStats
← Comend x comend

African Clearing

506702527Analyzed
3v3 RM · 17d ago on Sep 14, 2026· 21m 13s· 6 players
Game mode
Random Map
Map size
Normal (6 player)
Population
200
Speed
Normal
Resources
Standard
Victory
Conquest
Starting age
Dark Age
Ending age
Imperial Age
RankedLock teamsTeams togetherTeam positionsShared explorationLock speedFull tech treeHidden civsTurbo modeCheats
Victory
Defeat
🇦🇷 Malians · Argentina
1430
+15
🇦🇷 Aztecs · Argentina
1372
+18
🇦🇷 Inca · Argentina
1356
+18
🇧🇷 Byzantines · Brazil
1433
-18
🇧🇷 Saracens · Brazil
1412
-17
🇵🇪 Khmer · Peru
1389
-16
Moctezuma
6:03 Loom
12:10 Feudal Age
13:00 Double-Bit Axe
15:30 Scale Mail Armor
16:12 Forging
17:24 Horse Collar
21:08 Wheelbarrow
FJL
4:07 Loom
13:12 Feudal Age
17:36 Castle Age
Nicostock
9:05 Loom
11:46 Feudal Age
17:09 Town Watch
19:59 Castle Age
17:55 Champi Runner
19:12 Forging
Comend x comend
4:34 Loom
14:37 Feudal Age
18:51 Castle Age
16:52 Double-Bit Axe
17:42 Stone Mining
17:43 Horse Collar
[ GG ] SHAKA
4:44 Loom
5:36 Loom
12:37 Feudal Age
13:32 Double-Bit Axe
13:17 Man-at-Arms
SSx pankeRs
4:29 Loom
13:12 Feudal Age
18:22 Castle Age
17:44 Double-Bit Axe
17:40 Horse Collar
Connection lost

Rejoining the realm…

Still unreachable

The connection could not be restored.

Session expired

The server has moved on; the page needs a fresh start.